AoeStats
← Marbas

Four Lakes

507846811Analyzed
1v1 RM · 13d ago on Sep 19, 2026· 21m 26s· 2 players
Game mode
Random Map
Map size
Tiny (2 player)
Population
200
Speed
Normal
Resources
Standard
Victory
Conquest
Starting age
Dark Age
Ending age
Imperial Age
RankedLock teamsTeams togetherTeam positionsShared explorationLock speedFull tech treeHidden civsTurbo modeCheats
Victory
Defeat
🇷🇺 Berbers · Russia
1800
+15
🇹🇼 Mongols · Taiwan
1780
-15
Trif
6:46 Loom
9:00 Feudal Age
9:57 Double-Bit Axe
11:11 Wheelbarrow
17:42 Castle Age
15:47 Fletching
20:05 Bloodlines
20:01 Scale Barding Armor
Marbas
10:35 Feudal Age
12:59 Double-Bit Axe
16:00 Castle Age
14:25 Fletching
16:06 Crossbowman
17:43 Gold Mining
18:30 Bodkin Arrow
19:45 Bow Saw
21:34 Gold Shaft Mining
Connection lost

Rejoining the realm…

Still unreachable

The connection could not be restored.

Session expired

The server has moved on; the page needs a fresh start.